 Dungeon Crawl Stone Soup version 0.31-a0-507-gbafd7f5274 (webtiles) character file.

Game seed: 5742472051974753123

163 MisterAzrael the Changeling (level 5, -2/40 HPs)
             Began as a Draconian Shapeshifter on Aug 9, 2023.
             Slain by a scorpion (4 damage)
             ... on level 4 of the Dungeon.
             The game lasted 00:02:47 (2916 turns).

MisterAzrael the Changeling (DrSh)                  Turns: 2916, Time: 00:02:47

Health: -2/40      AC:  5    Str: 19    XL:     5   Next: 20%
Magic:  5/5        EV: 12    Int:  9    God:
Gold:   178        SH:  0    Dex: 11    Spells: 4/4 levels left

rFire   . .          .
                       - Unarmed
rCold   . . .        (no shield)
rNeg    . . .        (body armour unavailable)
rPois   .            (helmet currently unavailable)
rElec   .            (cloak currently unavailable)
rCorr   .            (gloves currently unavailable)
SInv    .            (boots currently unavailable)
Will    .....        (no amulet)
Stlth   +            (no ring)
HPRegen 0.26/turn    (no ring)
MPRegen 0.09/turn

%: no passive effects
@: lethally poisoned (-2 -> -20), beast-form
A: beast (slay +2), AC +5, unfitting armour, cold-blooded
a: Begin Untransformation


You were on level 4 of the Dungeon.
You were a hulking beast.
You visited 1 branch of the dungeon, and saw 4 of its levels.

You collected 178 gold pieces.

Inventory:

Missiles
 v - 8 poisoned darts
Armour
 d - an orb of guile
 w - a scarf of repulsion
Jewellery
 e - an amulet of the acrobat
 n - a ring of resist corrosion
Talismans
 b - a beast talisman (active)
 c - a flux talisman
Wands
 r - a wand of flame (6)
Scrolls
 f - 7 scrolls of identify {unknown}
 g - 3 scrolls of fear {unknown}
 h - 2 scrolls of vulnerability {unknown}
 i - 2 scrolls of blinking {unknown}
 j - a scroll of enchant weapon {unknown}
 k - 2 scrolls of teleportation {unknown}
 l - a scroll of revelation {unknown}
 m - a scroll of poison {unknown}
 s - a scroll of silence {unknown}
 u - a scroll of fog {unknown}
Potions
 a - a potion of lignification
 o - a potion of heal wounds {unknown}
 p - 2 potions of haste {unknown}
 q - a potion of curing {unknown}
 t - 2 potions of mutation {unknown}


   Skills:
 - Level 1.1 Fighting
 + Level 2.8 Dodging
 + Level 4.1 Unarmed Combat
 * Level 4.2 Shapeshifting


You had 4 spell levels left.
You didn't know any spells.
Your spell library contained the following spells:

 Spells                   Type           Power      Damage    Failure   Level
 Summon Ice Beast         Ice/Summ       0%         N/A       99%         4
 Summon Mana Viper        Hex/Summ       0%         N/A       100%        5
 Monstrous Menagerie      Summ           0%         N/A       100%        7


Dungeon Overview and Level Annotations

Branches:
Dungeon (4/15)
 Temple: D:4-7

Altars:
Nemelex Xobeh
Xom
The Shining One

Shops:
D:4 (


Innate Abilities, Weirdness & Mutations

You are a hulking beast.
Your limbs bulge with bestial killing power. (Slay +2)
Your plain brown scales are hard. (AC +5)
You cannot fit into any form of body armour.
You are cold-blooded and may be slowed by cold attacks.


Message History

Things that are here:
a +2 dagger of speed; a hobgoblin corpse You see here a scarf of repulsion.
w - a scarf of repulsion
Okay, then.
There is an open door, spattered with blood here.
Things that are here:
a +2 dagger of speed; a hobgoblin corpse You open the door.
Found a maw talisman.
A scorpion comes into view.
A scorpion is nearby!
Found a scroll labelled IZEHAOR BEKK.
The scorpion stings you.
You are poisoned.
The scorpion poisons you!
You hit the scorpion but do no damage.
You feel sick. The scorpion stings you.
You are more poisoned.
The scorpion poisons you!
You closely miss the scorpion.
You tail-slap the scorpion, but do no damage.
You feel very sick. The scorpion stings you.
You closely miss the scorpion.
You feel very sick. The scorpion stings you.
You barely miss the scorpion.
You feel very sick. The scorpion completely misses you.
You hit the scorpion.
The scorpion is lightly wounded.
You feel sick. The scorpion stings you.
* * * LOW HITPOINT WARNING * * *
The scorpion attacks as you move away! The scorpion stings you.
* * * LOW HITPOINT WARNING * * *
You are more poisoned.
The scorpion poisons you!
* * * LOW HITPOINT WARNING * * *
You feel very sick. The scorpion stings you.
You die...

...............................##
........................#........
........................#........
........................#..####..
........................# #..)..
........................#. #..#..
........................#..####..
................#).......
?......sh.......#.....P..
................#..####..
................#. #.)'.⌠
................# #..#..
.####...........#..#####.
##..........#..#...#.
#..........#..#...#.
##.........#..#...).
#.........#..#####.


You could see a scorpion.

Vanquished Creatures
  Natasha (twice) (D:2)
  4 adders
  A worm (D:3)
  A dart slug (D:2)
  5 orcs
  4 endoplasms
  3 giant cockroaches
  4 goblins
  8 hobgoblins
  5 jackals
  10 kobolds
  A quokka (D:1)
  5 ball pythons
  4 bats
  3 frilled lizards
  6 rats
66 creatures vanquished.

Notes
Turn   | Place    | Note
-------+----------+-------------------------------------------
     0 | D:1      | MisterAzrael the Draconian Shapeshifter began the quest for
                  | the Orb.
     0 | D:1      | Reached XP level 1. HP: 16/16 MP: 1/1
   277 | D:1      | Reached XP level 2. HP: 19/23 MP: 2/2
   662 | D:2      | Noticed Natasha
   671 | D:2      | Killed Natasha
   672 | D:2      | Reached XP level 3. HP: 10/28 MP: 3/3
   822 | D:2      | Noticed Natasha
   831 | D:2      | Killed Natasha
   832 | D:2      | Reached XP level 4. HP: 32/35 MP: 4/4
  1814 | D:3      | Found a sparkling altar of Nemelex Xobeh.
  1823 | D:3      | Found a shimmering altar of Xom.
  2090 | D:3      | Found a glowing golden altar of the Shining One.
  2414 | D:4      | Reached XP level 5. HP: 39/40 MP: 5/5
  2533 | D:4      | Found Vagyruarch's Antique Weapon Boutique.
  2916 | D:4      | HP: 2/40 [poisoned by a scorpion]
  2916 | D:4      | Slain by a scorpion

Illustrated notes

Levels and vault maps discovered:
D:1:      dpeg_arrival_yet_another_circle, layout_rooms, kennysheep_small_spiral
D:2:      layout_basic, uniq_natasha
D:3:      layout_basic, nicolae_tso_carved_into_rock, lemuel_tele_altar,
          mainiacjoe_overflow_chevrons
D:4:      corexii_shack_village, layout_basic, gammafunk_ghost_stat_death,
          serial_shops, shop, dk_noncrumbling_4, item_on_display_a

Skill      XL: |  1  2  3  4 |
---------------+-------------+-----
Dodging        | 2 |  2.8
Shapeshifting  | 4 |  4.2
Unarmed Combat | 4 |  4.1
Fighting       | |  1.1

Action                     |  1- 3 |  4- 6 || total
---------------------------+-------+-------++-------
  Melee: Unarmed           |    50 |   118 ||   168
         Tailslap          |     5 |    15 ||    20
         Punch             |     2 |     4 ||     6
    Use: Potion            |     1 |       ||     1
   Stab: Sleeping          |       |     1 ||     1
 Armour: Skin              |    10 |    41 ||    51
  Dodge: Dodged            |    30 |    66 ||    96

Table legend: (Time is in decaauts)
 A = Elapsed time spent in this place.
 B = Non-inter-level travel time spent in this place.
 C = Inter-level travel time spent in this place.
 D = Time resting spent in this place.
 E = Time spent auto-exploring this place.
 F = Levels seen in this place.
 G = Mean time per level.
                   A        B        C        D        E       F      G
               +--------+--------+--------+--------+--------+-----+--------+
         Total |   2910 |   2849 |     61 |    438 |   2001 |   4 |  727.5 |
       Dungeon |   2910 |   2849 |     61 |    438 |   2001 |   4 |  727.5 |
               +--------+--------+--------+--------+--------+-----+--------+

Top non-repeatable levels by time:
     D:2: 1036 daAuts
     D:3: 647 daAuts
     D:4: 629 daAuts
     D:1: 597 daAuts
